 Dungeon Crawl Stone Soup version 0.25.0-9-g26727b657a (webtiles) character file.

Game seed: 3495468861242523079

163 Esekla the Conjurer (level 5, -3/44 HPs)
             Began as a Deep Dwarf Conjurer on June 17, 2020.
             Killed from afar by Sigmund (4 damage)
             ... with a puff of flame
             ... on level 3 of the Dungeon.
             The game lasted 00:13:35 (1844 turns).

Esekla the Conjurer (Deep Dwarf Conjurer)           Turns: 1844, Time: 00:13:35

Health: -3/44      AC:  5    Str: 11    XL:     5   Next: 20%
Magic:  1/8        EV: 12    Int: 17    God:
Gold:   86         SH:  4    Dex: 13    Spells: 5/8 levels left

rFire    . . .     SeeInvis .   k - +0 falchion
rCold    . . .     Gourm    .   m - +0 buckler
rNeg     . . .     Faith    .   a - +0 robe
rPois    .         Spirit   .   (no helmet)
rElec    .         Reflect  .   (no cloak)
rCorr    .         Harm     .   f - +0 pair of gloves
MR       .....                  i - +1 pair of boots
Stlth    ++........             (no amulet)
HPRegen  0.00/turn              (no ring)
MPRegen  0.11/turn              (no ring)

@: non-regenerating
A: damage resistance, heal wounds, sense surroundings 1, no regeneration
a: Heal Wounds


You were on level 3 of the Dungeon.
You were very hungry.

You visited 1 branch of the dungeon, and saw 3 of its levels.

You collected 86 gold pieces.

Inventory:

Hand Weapons
 h - a +0 dagger
 k - a +0 falchion (weapon)
 n - a +0 spear
Missiles
 e - 15 poisoned darts (quivered)
Armour
 a - a +0 robe (worn)
 f - a +0 pair of gloves (worn)
 i - a +1 pair of boots (worn)
 m - a +0 buckler (worn)
Scrolls
 b - a scroll of remove curse {unknown}
 d - 3 scrolls of identify {unknown}
 g - a scroll of noise {unknown}
Potions
 j - a potion of cancellation {unknown}
 l - a potion of mutation {unknown}
 o - a potion of flight {unknown}
Comestibles
 c - 2 rations


   Skills:
 + Level 1.0 Fighting
 * Level 0.8 Long Blades
 + Level 2.6 Dodging
 - Level 2.4 Stealth
 * Level 1.0 Shields
 * Level 2.3 Spellcasting
 + Level 5.1 Conjurations


You had 5 spell levels left.
You knew the following spells:

 Your Spells              Type           Power        Failure   Level  Hunger
a - Magic Dart            Conj           ###.         3%          1    #......
e - Searing Ray           Conj           ###...       4%          2    ###....

Your spell library contained the following spells:

 Spells                   Type           Power        Failure   Level  Hunger
 Dazzling Flash           Conj/Hex       ##....       28%         3    ###....
 Fulminant Prism          Conj/Hex       ##........   67%         4    #####..
 Iskenderun's Mystic Bla  Conj/Tloc      ##......     67%         4    #####..


Dungeon Overview and Level Annotations

Branches:
Dungeon (3/15)

Altars:
The Shining One

Annotations:
D:3 Sigmund


Innate Abilities, Weirdness & Mutations

You are resistant to damage.
You can heal yourself by infusing magical energy.
You passively map a small area around you.
You do not regenerate.


Message History

The ball python bites you but does no damage.
The ball python grabs you. The ball python constricts you.
Okay, then.
Okay, then.
Casting: Searing Ray (safe; 4% risk of failure)
Confirm with . or Enter, or press ? or * to list all spells.
Aiming: Searing Ray (safe; 4% risk of failure)
Press: ? - help, Shift-Dir - straight line The searing ray hits the ball python!
You kill the ball python! (Press . to maintain the ray.)
Something hits you.
* * * LOW HITPOINT WARNING * * *
The searing ray hits something.
Something hits you but does no damage.
Without enough magic to sustain it, your searing ray dissipates.
You hear some strange, mumbled words.
Something tries to affect you, but you resist.
A puff of flame appears from out of thin air!
The puff of flame hits you.
You die...

#......(...# #...
#..........# ...
#........<..# #..
#...........# #$.
###.#'#.......# #)
#......###'#### #. ##.#.#..#
#.# #. #....#..###(# #.
#..#.#.....@# #.
#.......##..# #(
#.########..###############.
#..................†........
##########.#{###############
#....#.# #.####.# #.####.#
#......#


There were no monsters in sight!

Vanquished Creatures
  A centaur (D:3)
  6 adders
  A dart slug (D:1)
  A ball python (D:3)
  A giant cockroach (D:3)
  5 goblins
  6 hobgoblins
  4 kobolds
  4 bats (D:2)
  5 frilled lizards
34 creatures vanquished.

Notes
Turn   | Place    | Note
-------+----------+-------------------------------------------
     0 | D:1      | Esekla the Deep Dwarf Conjurer began the quest for the Orb.
     0 | D:1      | Reached XP level 1. HP: 15/15 MP: 3/3
   345 | D:1      | Reached XP level 2. HP: 14/24 MP: 2/4
   351 | D:1      | Learned a level 2 spell: Searing Ray
   421 | D:2      | Reached skill level 4 in Conjurations
   776 | D:2      | Reached XP level 3. HP: 16/30 MP: 2/5
  1001 | D:3      | Found a glowing golden altar of the Shining One.
  1594 | D:2      | Reached XP level 4. HP: 18/37 MP: 4/7
  1807 | D:3      | Noticed Sigmund
  1807 | D:3      | Noticed a centaur
  1817 | D:3      | Killed a centaur
  1817 | D:3      | Reached skill level 1 in Fighting
  1817 | D:3      | Reached skill level 1 in Shields
  1817 | D:3      | Reached skill level 5 in Conjurations
  1817 | D:3      | Reached XP level 5. HP: 3/44 MP: 2/8
  1837 | D:3      | HP: 1/44 [something (2)]
  1844 | D:3      | Killed from afar by Sigmund

Illustrated notes

Levels and vault maps discovered:
D:1:      eino_arrival_druids_welcome, layout_rooms
D:2:      layout_basic, minmay_pentomino_x4
D:3:      layout_basic, nicolae_overflow_crystal_walls, first_ration,
          uniq_sigmund

Skill      XL: |  1  2  3  4 |
---------------+-------------+-----
Conjurations   | 4 5 |  5.1
Spellcasting   | 2 |  2.3
Fighting       | 1 |  1.0
Shields        | 1 |  1.0
Long Blades    | |  0.8
Dodging        | |  2.6
Stealth        | |  2.4

Action                   |  1- 3 |  4- 6 || total
-------------------------+-------+-------++-------
Melee: Dagger            |    16 |       ||    16
       Falchion          |    19 |     3 ||    22
 Cast: Magic Dart        |    12 |       ||    12
       Searing Ray       |    11 |     4 ||    15
 Stab: Sleeping          |     2 |       ||     2
  Eat: Chunk             |     3 |       ||     3
Armor: Robe              |    13 |     1 ||    14
Dodge: Dodged            |    40 |     6 ||    46
Block: Buckler           |     3 |     3 ||     6
       Rpst.: Falchion   |     8 |     2 ||    10
